Cogmind - Beta 16.1 @@@ ROGUE MODE // 2026.02.23 @ 00:36:46 Player: Ceorik Result: Destroyed by Y-45 Defender with Heavy Assault Rifle Performance ------------- Evolutions (2) 1000 Regions Visited (5) 1000 Robots Destroyed (43) 215 Value Destroyed (1378) 1378 Prototype IDs (14) 280 Alien Tech Used (0) 0 Bonus (0) 0 TOTAL SCORE: 3873 Bonus ------- None Cogmind --------- Core Integrity 0/550 Matter 120/300 Energy 99/100 System Corruption 24% Temperature Cool (9) Movement Core (50) Location -8/Storage Parts ------- > --- POWER (1) -------- (None) > --- PROPULSION (3) --- (None) > --- UTILITY (4) ------ (None) > --- WEAPON (3) ------- Axe > --- INVENTORY (5) ---- Medium Matter Pod (100) Light Armor Plating Spread Laser Subdweller Laser Peak State ------------ > --- POWER ------------ Light Ion Engine > --- PROPULSION ------- Aluminum Leg Cargo Legs > --- UTILITY ---------- Improved Heat Sink Small Storage Unit Hardened Medium Armor Plating Makeshift Light Armor Plating System Shield > --- WEAPON ----------- Powered Cannon Axe > --- INVENTORY -------- Light Ion Engine Medium Matter Pod Beam Rifle Subdweller Laser Light Assault Rifle Rocket Launcher Rocket Launcher Axe [Rating: 50] Favorites ----------- Power Light Ion Engine Engine Light Ion Engine Power Core Light Nuclear Core Propulsion Aluminum Leg Leg Aluminum Leg Hover Unit Aerolev Unit Utility Small Storage Unit Device Improved Heat Sink Storage Small Storage Unit Processor Improved Terrain Scan Processor Hackware System Shield Protection Makeshift Light Armor Plating Weapon Beam Rifle Energy Gun Beam Rifle Energy Cannon Ion Cannon Ballistic Gun Light Assault Rifle Launcher Rocket Launcher Slashing Weapon Axe Build | -11 -10 -10 -10 -8 -8 ------- Run | Yrd Mat Min Sub Mat Sto Slots Evolved 4 | . . . . 4 . Power . | . . . . . . Propulsion 1 | . . . . 1 . Utility 2 | . . . . 2 . Weapon 1 | . . . . 1 . Parts Attached 47 | 7 2 1 7 15 15 Power 5 | 1 . . 1 2 1 Engine 4 | 1 . . 1 2 . Core 1 | . . . . . 1 Reactor . | . . . . . . Propulsion 11 | 2 . . 3 1 5 Treads . | . . . . . . Leg 8 | 2 . . 3 1 2 Wheel . | . . . . . . Hover 3 | . . . . . 3 Flight . | . . . . . . Utility 15 | 2 . 1 . 8 4 Device 6 | 1 . 1 . 1 3 Storage 3 | 1 . . . 2 . Processor 1 | . . . . . 1 Hackware 2 | . . . . 2 . Protection 3 | . . . . 3 . Artifact . | . . . . . . Weapon 16 | 2 2 . 3 4 5 Energy Gun 7 | . 2 . . 2 3 Energy Cannon 2 | . . . 1 1 . Ballistic Gun 2 | 2 . . . . . Ballistic Cannon . | . . . . . . Launcher 2 | . . . 1 . 1 Special Weapon . | . . . . . . Impact Weapon . | . . . . . . Slashing Weapon 3 | . . . 1 1 1 Piercing Weapon . | . . . . . . Special Melee Weapon . | . . . . . . Unidentified Prototypes 2 | . . . 1 . 1 Parts Lost 28 | . . . 5 2 21 Power 4 | . . . 2 . 2 Propulsion 8 | . . . 2 . 6 Utility 8 | . . . 1 1 6 Weapon 8 | . . . . 1 7 Highest Loss Streak 12 | . . . 3 2 12 To Critical Strikes . | . . . . . . Average Backups 8 | . 5 8 7 9 11 Power . | . . . . 1 1 Propulsion . | . 1 2 1 . . Utility 3 | . . 3 2 2 4 Weapon 3 | . 3 2 2 5 5 Tool/Special . | . . . . . . Unused Backups 11 | . 3 1 . 2 5 Power 1 | . . . . . 1 Propulsion . | . . . . . . Utility 4 | . . . . 1 3 Weapon 6 | . 3 1 . 1 1 Tool/Special . | . . . . . . Average Slot Usage (%) 84 | . 100 100 82 75 74 Engine 8 | . 14 14 7 5 5 Leg 20 | . 28 28 25 14 10 Device 11 | . 14 14 12 6 11 Storage 10 | . 14 14 13 7 5 Hackware 3 | . . . . 8 9 Protection 4 | . . . . 13 5 Energy Gun 14 | . 7 28 14 4 12 Energy Cannon 3 | . . . 3 6 2 Ballistic Gun 1 | . 20 . . . . Slashing Weapon 3 | . . . 3 5 4 Peak Build Rating 50 | 7 10 12 35 50 47 Average Rating 23 | 5 7 10 14 42 35 On Entrance 17 | . 7 10 10 35 45 Avg Prop Armor Cover (%) 4 | . . . . 4 . Naked Turns . | . . . . . . Heaviest Build 48 | 11 15 15 15 48 48 Greatest Support 70 | 20 20 20 55 65 70 Greatest Overweight (x) 11 | . . . 1 . 11 Average Overweight (x) . | . . . . . . Largest Inventory Capacity 15 | 8 8 8 8 15 15 Average Capacity 9 | 7 8 8 8 11 12 Most Carried 15 | 2 8 8 8 15 15 Average Carried 8 | . 5 8 7 9 11 Final Capacity 15 | 8 8 8 8 15 5 Final Carried 15 | 1 8 8 8 15 4 Class Distribution -------------------- 78% | Mutant 12% | Hacker-Mutant Dominant Class ---------------- Mutant | -10/Materials Mutant | -10/Mines Mutant | -10/Subcaves Mutant | -8/Materials Hacker-Mutant | -8/Storage Resources | -11 -10 -10 -10 -8 -8 ----------- Run | Yrd Mat Min Sub Mat Sto Matter Collected 987 | 265 11 100 335 160 116 Remotely . | . . . . . . Salvage Created 1592 | 16 . 54 194 753 575 Parts 80 | 3 . 6 14 38 19 Haulers Intercepted . | . . . . . . Recyclers Shooed . | . . . . . . Parts Field Recycled . | . . . . . . Retrieved Matter . | . . . . . . Parts Self-Destructed 5 | . . . 5 . . Prevented . | . . . . . . Parts Restored . | . . . . . . Kills | -11 -10 -10 -10 -8 -8 ------- Run | Yrd Mat Min Sub Mat Sto Combat Hostiles Destroyed 38 | . . 3 6 17 12 Melee 11 | . . . 1 7 3 Guns 10 | . . 3 1 4 2 Cannons 8 | . . . . 6 2 AOE 9 | . . . 4 . 5 Classes Destroyed 8 | 1 . 1 1 4 1 Tunneler 1 | 1 . . . . . Recycler 4 | . . . . 2 2 Swarmer 10 | . . 3 . 6 1 Grunt 16 | . . . . 7 9 Brawler 2 | . . . . 1 1 Protector 1 | . . . . . 1 Sentry 3 | . . . . 3 . Subdweller 6 | . . . 6 . . Best Kill Streak 7 | 1 . 2 4 7 5 Combat Bots Only 6 | . . 2 4 6 4 Max Kills in Single Turn 2 | 1 . 1 2 2 2 Gunslinging . | . . . . . . Exploded 2 | . . . 2 . 1 Melee 1 | . . . 1 1 1 Uniques/NPCs Destroyed . | . . . . . . Combat | -11 -10 -10 -10 -8 -8 -------- Run | Yrd Mat Min Sub Mat Sto Hostile Shots Fired 337 | . . 6 33 86 212 Missed 102 | . . 2 11 27 62 Hits 235 | . . 4 22 59 150 Melee 1 | . . . . . 1 Projectile 234 | . . 4 22 59 149 Critical Strikes 8 | . . . 2 2 4 Damage Taken 4102 | . . 29 548 689 2836 Core 673 | . . 6 108 37 522 Absorbed by Shields . | . . . . . . Core Remaining (%) 77 | 100 . . 54 . . Volleys Fired 57 | 3 . 3 14 22 15 Largest 3 | 2 . 2 2 3 3 Hottest 192 | 40 . 112 112 190 192 Shots Fired 108 | 6 . 6 19 37 40 Gun 65 | 6 . 6 14 15 24 Cannon 33 | . . . 2 22 9 Launcher 10 | . . . 3 . 7 Special . | . . . . . . Kinetic 6 | 6 . . . . . Thermal 92 | . . 6 16 37 33 Explosive 10 | . . . 3 . 7 Electromagnetic . | . . . . . . Robot Hit Streak 13 | 3 . 8 13 10 9 Robot Miss Streak 8 | 2 . . 1 8 2 Penetration Max . | . . . . . . Secondary Targets . | . . . . . . Shots Hit Robots 106 | 4 . 5 21 43 33 Core Hits 81 | 2 . 3 8 33 35 Critical Kills . | . . . . . . Critical Parts Destroyed . | . . . . . . Critical Strikes 7 | . . . 2 3 2 Sever 7 | . . . 2 3 2 Melee Attacks 99 | . . . 17 19 63 Impact . | . . . . . . Slashing 99 | . . . 17 19 63 Piercing . | . . . . . . Sneak Attacks 2 | . . . . 1 1 Combat Hostiles 1 | . . . . . 1 Follow-up Attacks . | . . . . . . Damage Inflicted 4162 | 34 . 72 928 1379 1749 Guns 746 | 34 . 72 114 272 254 Cannons 707 | . . . . 591 116 Explosions 1257 | . . . 322 . 935 Melee 1452 | . . . 492 516 444 Ramming . | . . . . . . Kinetic 34 | 34 . . . . . Thermal 1419 | . . 72 114 863 370 Explosive 1257 | . . . 322 . 935 Electromagnetic . | . . . . . . Impact . | . . . . . . Slashing 1452 | . . . 492 516 444 Piercing . | . . . . . . Highest Corruption 24 | . . . . . 24 Average Corruption 20 | . . . . . 20 Corruption Purged . | . . . . . . Corruption Blocked . | . . . . . . Effects 18 | . . . . . 18 Message Errors 1 | . . . . . 1 Matter Fused 5 | . . . . . 5 Heat Flow Errors 2 | . . . . . 2 Energy Discharges 3 | . . . . . 3 Data Loss (minor) 1 | . . . . . 1 Alerts 1 | . . . . . 1 Misdirections 4 | . . . . . 4 Weapon Failures 1 | . . . . . 1 Overload Shots . | . . . . . . Overflow Damage 23 | . . . . 22 1 Projectiles 22 | . . . . 22 . Explosions 1 | . . . . . 1 Melee . | . . . . . . Knockbacks . | . . . . . . Impact . | . . . . . . Kinetic . | . . . . . . Secondary . | . . . . . . Self-Inflicted Damage 83 | . . . 34 . 49 Shots 3 | . . . 1 . 2 Rammed . | . . . . . . Targets Rammed . | . . . . . . Kicked . | . . . . . . Crushed . | . . . . . . Highest Temperature 262 | . . 102 220 231 262 Average Temperature 89 | . . 42 136 89 93 Received Heat Transfer 1624 | . . . 391 279 954 Siege Activations . | . . . . . . Martial Activations . | . . . . . . Shielding Activations . | . . . . . . Robots Disrupted . | . . . . . . Combat Hostiles . | . . . . . . Robots Corrupted . | . . . . . . Combat Hostiles . | . . . . . . Parts Fried . | . . . . . . Impact Corruptions . | . . . . . . Robots Melted . | . . . . . . Combat Hostiles . | . . . . . . Parts Melted . | . . . . . . Heat Transferred 1768 | . . 185 296 665 622 Parts Sabotaged . | . . . . . . Parts Stolen . | . . . . . . Parts Stripped . | . . . . . . Power Chain Reactions . | . . . . . . Alert | -11 -10 -10 -10 -8 -8 ------- Run | Yrd Mat Min Sub Mat Sto Maximum Alert Level 1 | . . . . 1 . Low Security (%) 97 | 100 100 100 . 92 100 Level 1 2 | . . . . 7 . Level 2 . | . . . . . . Level 3 . | . . . . . . Level 4 . | . . . . . . Level 5 . | . . . . . . High Security . | . . . . . . Max Security . | . . . . . . Peak Influence 214 | 5 7 65 . 214 179 Initial 86 | . 3 . . . 86 Average 68 | . 1 10 . 122 96 Influence Increases 1131 | 5 12 85 . 490 539 Destroy 0b10 Robot/C 620 | . . 60 . 340 220 Destroy 0b10 Robot/NC 30 | 5 . . . 10 15 Destroy Leader 110 | . . 10 . 60 40 Successful Hack 14 | . 12 . . . 2 Disable Machine 30 | . . . . 15 15 Destroy Structure 87 | . . . . 5 82 Lose Combat Pursuer 240 | . . 15 . 60 165 Influence Decreases 1011 | . 17 85 . 284 625 Entered New Map 122 | . 2 . . . 120 Time Decay 609 | . 15 85 . 264 245 Lost Part 230 | . . . . 20 210 Lost Ally 50 | . . . . . 50 Squads Dispatched 7 | . 1 . . 1 5 Investigation 2 | . 1 . . . 1 Extermination . | . . . . . . Reinforcement 3 | . . . . 1 2 Assault 2 | . . . . . 2 Garrison . | . . . . . . Intercept . | . . . . . . Searches Triggered . | . . . . . . Construction Impeded 1 | . . . . . 1 Haulers Reinforced . | . . . . . . Active Scanning Responses . | . . . . . . Cargo Convoy Interrupts . | . . . . . . Stealth | -11 -10 -10 -10 -8 -8 --------- Run | Yrd Mat Min Sub Mat Sto Distress Signals 5 | . 2 1 . 2 . Communications Jammed . | . . . . . . Distress Signals . | . . . . . . Times Spotted 79 | . 1 3 7 23 45 Peak Tracking Total 16 | . 1 3 4 5 16 Tactical Retreats 8 | . . 1 1 2 4 Traps | -11 -10 -10 -10 -8 -8 ------- Run | Yrd Mat Min Sub Mat Sto Traps Triggered 3 | . . . . . 3 Indirectly . | . . . . . . Trap Hack Attempts . | . . . . . . Triggered . | . . . . . . Disarmed . | . . . . . . Reprogrammed . | . . . . . . Reused . | . . . . . . Traps Extracted . | . . . . . . Installed 1 | . . . 1 . . Triggered . | . . . . . . Most Traps Carried 1 | . . . 1 . . Machines | -11 -10 -10 -10 -8 -8 ---------- Run | Yrd Mat Min Sub Mat Sto Machines Disabled 3 | . . . 1 1 1 Max in Single Turn 1 | . . . 1 1 1 Machines Repaired . | . . . . . . Machines Dismantled . | . . . . . . Machines Sabotaged . | . . . . . . Overloaded Fab Kills . | . . . . . . Hacking | -11 -10 -10 -10 -8 -8 --------- Run | Yrd Mat Min Sub Mat Sto Machines Accessed 5 | . 2 1 1 . 1 Terminals 4 | . 2 1 . . 1 Fabricators . | . . . . . . Repair Stations . | . . . . . . Recycling Units . | . . . . . . Scanalyzers . | . . . . . . Garrison Access . | . . . . . . Total Hacks 13 | . 5 3 1 . 4 Successful 6 | . 2 2 1 . 1 Failed 7 | . 3 1 . . 3 Catastrophic 1 | . 1 . . . . Database Lockouts . | . . . . . . Manual 8 | . 5 3 . . . Terminals 12 | . 5 3 . . 4 Fabricators . | . . . . . . Repair Stations . | . . . . . . Recycling Units . | . . . . . . Scanalyzers . | . . . . . . Garrison Access . | . . . . . . Terminal Hacks 4 | . 1 1 1 . 1 Open Door 1 | . . . . . 1 Branch Access Points 1 | . 1 . . . . Zone Layout 1 | . . 1 . . . Proto ID Catalog 1 | . . . 1 . . Fabricator Hacks . | . . . . . . Repair Station Hacks . | . . . . . . Recycling Unit Hacks . | . . . . . . Scanalyzer . | . . . . . . Garrison Access Hacks . | . . . . . . Unauthorized Hacks 2 | . 1 1 . . . Terminals 2 | . 1 1 . . . Botnet 2 | . 1 1 . . . Fabricators . | . . . . . . Repair Stations . | . . . . . . Recycling Units . | . . . . . . Scanalyzers . | . . . . . . Garrison Access . | . . . . . . Data Cores Recovered . | . . . . . . Used . | . . . . . . Hacking Detections 4 | . 2 1 . . 1 Full Trace Events 1 | . . . . . 1 Feedback Events . | . . . . . . Feedback Blocked . | . . . . . . Robot Schematics Acquired . | . . . . . . Robots Built . | . . . . . . Authchips . | . . . . . . Time . | . . . . . . Total Robot Build Rating . | . . . . . . Part Schematics Acquired . | . . . . . . Parts Built . | . . . . . . Authchips . | . . . . . . Time . | . . . . . . Total Part Build Rating . | . . . . . . Part Studies Acquired . | . . . . . . Parts Repaired . | . . . . . . Time . | . . . . . . Parts Recycled . | . . . . . . Recycled Matter . | . . . . . . Retrieved Matter . | . . . . . . Retrieved Components . | . . . . . . Parts Scanalyzed . | . . . . . . Part Schematics Acquired . | . . . . . . Parts Damaged . | . . . . . . Bothacking | -11 -10 -10 -10 -8 -8 ------------ Run | Yrd Mat Min Sub Mat Sto Used RIF Installer . | . . . . . . Robots Hacked . | . . . . . . Non-combat . | . . . . . . Combat . | . . . . . . Robot Hacks Applied . | . . . . . . Relay Couplers Released . | . . . . . . Fabnet Peak Effective % . | . . . . . . Robots Rewired . | . . . . . . Allies Hacked . | . . . . . . Hacks Repelled . | . . . . . . Allies | -11 -10 -10 -10 -8 -8 -------- Run | Yrd Mat Min Sub Mat Sto Total Allies 2 | . . . . . 2 Largest Group 2 | . . . . . 2 Highest-Rated Group 62 | . . . . . 62 Highest-Rated Ally 31 | . . . . . 31 Total Orders . | . . . . . . Ally Attacks 10 | . . . . . 10 Total Damage 146 | . . . . . 146 Kills . | . . . . . . Allies Corrupted . | . . . . . . Allies Melted . | . . . . . . Intel | -11 -10 -10 -10 -8 -8 ------- Run | Yrd Mat Min Sub Mat Sto Active Infowar (turns) 1284 | 7 173 577 381 . 146 Terrain 146 | . . . . . 146 Seismic 1138 | 7 173 577 381 . . Robot Analysis Total . | . . . . . . Derelict Logs Recovered 1 | . . . 1 . . Drone Launches 3 | . . . . . 3 Drone Recoveries 2 | . . . . . 2 Exploration | -11 -10 -10 -10 -8 -8 ------------- Run | Yrd Mat Min Sub Mat Sto Turns Passed 2753 | 73 173 592 734 655 526 Spaces Moved 1384 | 48 122 232 436 343 203 Core 50 | 6 . . . . 44 Treads . | . . . . . . Legs 1287 | 42 122 232 436 343 112 Wheels . | . . . . . . Hover 47 | . . . . . 47 Flight . | . . . . . . Fastest Speed 42 | 50 120 120 120 125 42 Average Speed 118 | 111 120 120 121 125 99 Slowest Speed 600 | 120 120 120 190 130 600 Overloaded Moves . | . . . . . . Propulsion Burnouts . | . . . . . . Robots Hopped . | . . . . . . Potential Cave-ins 14 | . . . . . 14 Cave-ins Triggered 3 | . . . . . 3 Exploration Rate (%) 25 | 4 24 45 20 25 35 Regions Visited 5 Branch Regions 3 Pre-discovered Areas . | . . . . . . Known Exits Taken 1 | . 1 . . . . Unknown Exits Taken 4 | 1 . 1 1 1 . Scrap Searched 6 | . . 1 5 . . Spaces Dug 55 | . . . 17 2 36 Terrain Destroyed 121 | . . . 25 4 92 Melee 32 | . . . . 2 30 Projectile 6 | . . . 1 2 3 AOE 83 | . . . 24 . 59 Terrain Rammed . | . . . . . . Walls Destroyed . | . . . . . . Machines Disabled . | . . . . . . Actions | -11 -10 -10 -10 -8 -8 --------- Run | Yrd Mat Min Sub Mat Sto Total 2234 | 61 150 538 607 497 381 Wait 564 | . 12 298 116 74 64 Move 1378 | 47 121 231 435 342 202 Hop . | . . . . . . Pick Up 42 | 4 10 1 6 17 4 Fast Attach 21 | 4 2 . 2 8 5 Attach 23 | 3 . . 5 5 10 Detach 1 | . . . 1 . . Swap 22 | . . 4 3 4 11 Drop 24 | . 5 1 6 6 6 Fire 57 | 3 . 3 14 22 15 Melee 99 | . . . 17 19 63 Ram . | . . . . . . Kick . | . . . . . . Crush . | . . . . . . Escape Stasis 1 | . . . . . 1 Rewire 1 | . . . 1 . . Trap 1 | . . . 1 . . Miscellaneous . | . . . . . . Route ------- -11/Scrapyard -10/Materials -10/Mines -10/Subcaves -8/Materials (discovered 2 exits: Fac / *Sto) -8/Storage History --------- Turn | Location | Event 13 | -11/Scrapyard | Discovered new exit (range 15) 74 | -11/Scrapyard | Entered Materials 75 | -10/Materials | Met a group of wandering Federalists 179 | -10/Materials | Discovered new exit (range 15) 219 | -10/Materials | Identified exit to Mines 247 | -10/Materials | Entered Mines 248 | -10/Mines | Assembled infested the area 310 | -10/Mines | Build established: Mutant 369 | -10/Mines | Found a Scrap Suit stashed away for nefarious purposes 833 | -10/Mines | Discovered new exit (range 5) 839 | -10/Mines | Entered Subcaves 840 | -10/Subcaves | Approached by a straggling Scientist 1015 | -10/Subcaves | Shifting Twisted Machinery released Spk. Treads 1015 | -10/Subcaves | Shifting Twisted Machinery released Sub. Shrapnel Launcher 1296 | -10/Subcaves | A Subdweller sparked back to life 1296 | -10/Subcaves | A Subdweller sparked back to life 1296 | -10/Subcaves | A Subdweller sparked back to life 1327 | -10/Subcaves | Found Prototype Energy Cannon 1337 | -10/Subcaves | Identified Powered Cannon 1338 | -10/Subcaves | Attached Powered Cannon, gained temporary slot: Power 1347 | -10/Subcaves | Lost 3 parts (1p2n) 1382 | -10/Subcaves | Discovered new exit (range 11) 1478 | -10/Subcaves | Learned location of 1 exit from Materials 1504 | -10/Subcaves | Visited 4L-MR0's lab 1523 | -10/Subcaves | Found Cargo Legs 1524 | -10/Subcaves | Attached Cargo Legs, gained temporary slots: Utility x2 1573 | -10/Subcaves | Entered Materials 1573 | -8/Materials | Evolved 4 slots: Propulsion x1, Utility x2, Weapon x1 1574 | -8/Materials | Identified exit to Factory 2188 | -8/Materials | Discovered new exit (range 9) 2228 | -8/Materials | Entered Storage 2287 | -8/Storage | Met a pair of Derelict thieves 2447 | -8/Storage | Crushed by falling debris 2463 | -8/Storage | Crushed by falling debris 2463 | -8/Storage | System corruption reached 10% 2467 | -8/Storage | Crushed by falling debris 2498 | -8/Storage | Lost 5 parts (1n2u2w) 2664 | -8/Storage | Core integrity fell below 50% 2710 | -8/Storage | Lost 12 parts (2p3n2u5w) 2736 | -8/Storage | Core integrity fell below 20% 2754 | -8/Storage | Destroyed by Y-45 Defender with Heavy Assault Rifle Last Messages --------------- 02684_ Current location identified: Storage >>Open(Door) Sealed Heavy Doors opened. 02684_ ALERT: Suspicious activity at Terminal S004. Dispatching Investigation squad. 02685_ Acquired Drone Bay. 02691_ Drone released from Drone Bay. 02693_ Drone destroyed. 02694_ Drone retrieved by Drone Bay (repair cost: 9). 02695_ Drone released from Drone Bay. 02698_ S-10 Pest destroyed. 02699_ System corrupted: Matter fused (-8). 02700_ Drone retrieved by Drone Bay (no repairs). 02709_ Dropped Drone Bay. 02710_ Aerolev Unit destroyed. 02719_ System corrupted: Energy discharge (-10). 02737_ Imp. Heat Sink destroyed. 02739_ Aerolev Unit destroyed. Map ----- +----------------------------------------------------+ | ??????????????????????????????? | | ??????????????????????????????? | | ??????????????????????????????? | | ??????????????????????????????? | | ??????????????????????????????? | | ??????????????????????????????? | | ??????????????????????????????? | | ??????????????????????????????? | | ??????????????????????????????? | | ??????????????????????????????? | | ??????????????????????????????? | | ??????????????????????????????? | | ??????????????????????????????? | | ??????????????????????????????? | | ??????????????????????????????? | | ??????????????????????????????? | | ??????????????????????????????? | | ??????????????????????????????? | | ??????????????????????????????? | | ??????????????????????????????? | | ??????????????????????????????? | | ??????????????????????????????? | | ??????????????????????????????? | | ???????????????????????##?????? | | ???????????????????????# ##???? | | ?????????????????########@##??? | | #????????????????# s #??? | | ##???????????????# s #??? | | "####+########+### """ """ #??? | | # """ """ ##?? | | / """ """Y #?? | | # """s""" ##?? | | ##+####"## # """ """ #??? | | ### # #??? | | * #?# ##+#####/##??? | | #?# #???? #???? | | """" #?# #?????#???? | | """" "## #?????????? | | """" T## #?????????? | | """" "## #?????????? | | ### #?????????? | | ? #?# ????????? | | ##?#####?# ##+########???????? | | ????????# ?????????????????? | | ??????? ?????????????????? | | ?????? ?????????????????? | | ?????#### ?????????????????? | | ????????## #?????????????????? | | ?????????# ??????????????????? | | ?????????# ??????????????????? | +----------------------------------------------------+ Best States ------------- Heat Dissipation 59 Energy Generation 14 Energy Capacity 160 Matter Stores 300 Matter Capacity 300 Sight Range 16 Terrain Scan Range 16 Terrain Scan Density 110 Armor Coverage 475 Evasion (%) 55 Offensive Hacking 10 Defensive Hacking 10 Item Schematics ----------------- None Robot Schematics ------------------ None Fabricated ------------ Nothing Repaired ---------- Nothing Studied --------- None Alien Tech Used ----------------- None Achievements -------------- Omniscient Cartographer Challenges ------------ None Game ------ Seed SurveybotWarpClaws Manual? 0 Play Time 00:28:17 Cumulative 52.7 hours Start 2026.02.23 @ 00:10:36 End 2026.02.23 @ 00:36:46 Sessions 1 Manual Loads 0 Difficulty Rogue Special Mode None Game No. 55 Rogue 55 Adventurer 0 Explorer 0 Win Type - Total 0 Types 0/0/0/0/0/0/0/0/0/0 Lore% 52 Gallery% 38 Achievement% 32 Wizard Run 0 Options --------- Layout 1 ASCII 0 Keyboard 0 Movement Mouse Keybinds 0 Fullscreen 1 Font 24/Swanston Map View 50x35 Zoom Use 0% Tactical HUD 1 Map Filters NONE Filters NONE Steam 1 RUN: 2ed9d4c8-8b41-450a-971e-ba6acc65c402